 Dungeon Crawl Stone Soup version 0.28.0-47-ge53b351184 (webtiles) character file.

Game seed: 12045303507870045762

33 101zpm the Magician (level 3, -1/31 HPs)
             Began as a Troll Hedge Wizard on Apr 28, 2022.
             Slain by an adder (4 damage)
             ... on level 3 of the Dungeon.
             The game lasted 00:01:34 (431 turns).

101zpm the Magician (Troll Hedge Wizard)             Turns: 431, Time: 00:01:35

Health: -1/31      AC:  4    Str: 18    XL:     3   Next: 12%
Magic:  5/5        EV: 10    Int: 12    God:
Gold:   59         SH:  0    Dex:  9    Spells: 5/6 levels left

rFire   . . .      SeeInvis .   a - +0 dagger
rCold   . . .      Faith    .   (no shield)
rNeg    . . .      Spirit   .   b - +0 robe
rPois   .          Reflect  .   c - +0 hat
rElec   .          Harm     .   (no cloak)
rCorr   .          Rampage  .   (gloves unavailable)
Will    .....                   (boots unavailable)
Stlth   +.........              (no amulet)
HPRegen 0.90/turn               (no ring)
MPRegen 0.09/turn               (no ring)

@: lethally poisoned (-1 -> -2)
A: large, unfitting armour, claws 3, regeneration 1, shaggy fur 1, tough skin 1
a: no special abilities


You were on level 3 of the Dungeon.
You visited 1 branch of the dungeon, and saw 4 of its levels.

You collected 59 gold pieces.

Inventory:

Hand Weapons
 a - a +0 dagger (weapon)
Armour
 b - a +0 robe (worn)
 c - a +0 hat (worn)
Scrolls
 f - a scroll of identify {unknown}
Potions
 d - a potion of might {unknown}
 e - a potion of attraction {unknown}
 g - a potion of mutation {unknown}


   Skills:
 + Level 0.7 Short Blades
 + Level 2.2 Dodging
 + Level 1.1 Stealth
 + Level 2.2 Spellcasting
 + Level 0.6 Conjurations
 + Level 0.6 Summonings
 + Level 0.6 Translocations


You had 5 spell levels left.
You knew the following spells:

 Your Spells              Type           Power      Damage    Failure   Level
a - Magic Dart            Conj           8%         1d3       21%         1

Your spell library contained the following spells:

 Spells                   Type           Power      Damage    Failure   Level
 Slow                     Hex            4%         N/A       26%         1
 Blink                    Tloc           4%         N/A       30%         2
 Call Imp                 Summ           2%         N/A       30%         2
 Conjure Flame            Conj/Fire      2%         6-21      56%         3
 Mephitic Cloud           Conj/Pois/Air  1%         N/A       58%         3


Dungeon Overview and Level Annotations

Branches:
Dungeon (4/15)
 Temple: D:4-7

Altars:

Annotations:
D:4 Sigmund


Innate Abilities, Weirdness & Mutations

You are too large for most types of armour.
You have claws for hands.
Your natural rate of healing is unusually fast.
You are covered in fur. (AC +1)
You have tough skin. (AC +1)


Message History

You are poisoned.
The adder poisons you!
A ball python comes into view.
You bump into the rock wall.
You feel sick.
The ball python hisses angrily.
Something hits you.
* * * LOW HITPOINT WARNING * * *
The adder bites you.
* * * LOW HITPOINT WARNING * * *
You are more poisoned.
The adder poisons you!
You bump into the rock wall.
You feel sick. The adder bites you but does no damage.
Something hits you but does no damage.
You feel sick.
There is a stone staircase leading up, spattered with blood here.
You feel less confused.
You feel sick. The adder barely misses you.
The adder bites you but does no damage.
You climb upwards.
Reactivating autopickup.
You feel sick.
There is a stone staircase leading down here.
You barely miss the adder.
You feel sick. The adder bites you but does no damage.
You closely miss the adder.
You feel sick. The adder barely misses you.
You hit the adder.
The adder is lightly wounded.
You feel sick.
You are no longer poisoned.
The adder bites you but does no damage.
You barely miss the adder.
The adder is lightly wounded.
The adder bites you.
* * * LOW HITPOINT WARNING * * *
You are poisoned.
The adder poisons you! The adder closely misses you.
You closely miss the adder.
The adder is lightly wounded.
You feel sick. The adder bites you.
You die...

..........#
....$.(..#
........#
#.......###.
##...........
#.............
#)..S(.......
#.(@.........
##........... #.#
#............
..$.#...........$
.................
.................
.........<......#
.................
.................


You could see an adder.

Vanquished Creatures
  An adder (D:2)
  2 endoplasms (D:2)
  2 giant cockroaches
  4 hobgoblins
  3 jackals (D:1)
  3 ball pythons
  2 bats
  3 goblins
  A rat (D:1)
21 creatures vanquished.

Notes
Turn   | Place    | Note
-------+----------+-------------------------------------------
     0 | D:1      | 101zpm the Troll Hedge Wizard began the quest for the Orb.
     0 | D:1      | Reached XP level 1. HP: 16/16 MP: 2/2
   130 | D:1      | Found a faded altar of an unknown god.
   192 | D:1      | Reached XP level 2. HP: 19/24 MP: 4/4
   314 | D:2      | Reached XP level 3. HP: 30/31 MP: 5/5
   410 | D:4      | Noticed Sigmund
   431 | D:3      | Slain by an adder

Illustrated notes

Levels and vault maps discovered:
D:1:      saegor_arrival_fortress, layout_basic, ebering_ecumenical_altar_ruins
D:2:      layout_basic, kennysheep_generic_room_16
D:3:      layout_rooms, nicolae_gozag_seed_capital, uniq_grinder, uniq_jessica,
          uniq_crazy_yiuf_cottage
D:4:      layout_loops_ring, portal_sewer_entry_b, minmay_misc_feat_room,
          uniq_duvessa, uniq_sigmund, uniq_menkaure

Skill      XL: |  1 |
---------------+----+-----
Dodging        | 2 |  2.2
Short Blades   | |  0.7
Stealth        | |  1.1
Spellcasting   | |  2.2
Conjurations   | |  0.6
Summonings     | |  0.6
Translocations | |  0.6

Action                   || total
-------------------------++-------
Melee: Dagger            ||   146
       Punch             ||     1
 Stab: Sleeping          ||     1
Armor: Robe              ||    75
Dodge: Dodged            ||    89
